 Dungeon Crawl Stone Soup version 0.20.0-10-g0535bb4 (webtiles) character file.

147 mike2R the Magician (level 5, -1/38 HPs)
             Began as a Draconian Wizard on June 7, 2017.
             Killed by divine providence
             ... invoked by an orc priest
              (16 damage)
             ... on level 3 of the Dungeon.
             The game lasted 00:26:22 (3721 turns).

mike2R the Magician (Draconian Wizard)              Turns: 3721, Time: 00:26:23

Health: -1/38      AC:  5    Str: 10    XL:     5   Next: 8%
Magic:  5/11       EV: 12    Int: 19    God:
Gold:   79         SH:  0    Dex:  9    Spells: 2/12 levels left

rFire    . . .     SeeInvis .   q - +2 whip (elec)
rCold    . . .     Gourm    .   (no shield)
rNeg     . . .     Faith    +   (armour unavailable)
rPois    .         Spirit   .   a - +0 hat
rElec    .         Reflect  .   (no cloak)
rCorr    .         Harm     .   (no gloves)
MR       .....                  (no boots)
Stlth    ++........             k - amulet of faith
Regen    0.2/turn               (no ring)
MPRegen  0.2/turn               (no ring)

@: no status effects
A: unfitting armour, cold-blooded, AC +5
a: no special abilities


You were on level 3 of the Dungeon.
You were hungry.

You visited 1 branch of the dungeon, and saw 3 of its levels.

You collected 79 gold pieces.

Inventory:

Hand Weapons
 q - a +2 whip of electrocution (weapon)
Missiles
 g - 79 stones (quivered)
 n - 30 bolts
 z - 43 arrows
Armour
 a - a +0 hat (worn)
Jewellery
 k - an amulet of faith (around neck)
Scrolls
 h - a scroll of fear {unknown}
 j - a scroll of recharging {unknown}
 l - a scroll of noise {unknown}
 p - a scroll of enchant armour {unknown}
 s - a scroll of blinking
 u - a scroll of magic mapping {unknown}
 y - a scroll of remove curse
Potions
 d - a potion of might
 e - a potion of lignification
 i - a potion of haste
 r - a potion of degeneration {unknown}
 t - a potion of heal wounds {unknown}
 w - a potion of berserk rage {unknown}
Books
 b - a book of Minor Magic

   Spells                             Type                      Level
   a - Magic Dart                     Conjuration                  1
   b - Blink                          Translocation                2
   c - Call Imp                       Summoning                    2
   d - Slow                           Hexes                        2
   e - Conjure Flame                  Conjuration/Fire             3
   f - Mephitic Cloud                 Conjuration/Poison/Air       3
Comestibles
 c - 6 bread rations
 f - 6 fruits
 v - 2 royal jellies
 A - a meat ration


   Skills:
 - Level 1.7 Dodging
 - Level 1.7 Stealth
 + Level 4.2 Spellcasting
 * Level 2.5 Conjurations
 - Level 1.3 Hexes
 - Level 1.8 Summonings
 - Level 1.4 Translocations


You had 2 spell levels left.
You knew the following spells:

 Your Spells              Type           Power        Failure   Level  Hunger
a - Magic Dart            Conj           ##..         4%          1    None
b - Call Imp              Summ           ##......     10%         2    #......
c - Blink                 Tloc           N/A          12%         2    #......
d - Slow                  Hex            #.......     12%         2    #......
e - Conjure Flame         Conj/Fire      #.......     24%         3    ###....


Dungeon Overview and Level Annotations

Branches:
Dungeon (3/15)

Altars:
Qazlal


Innate Abilities, Weirdness & Mutations

Your plain brown scales are hard. (AC +5)
You cannot fit into any form of body armour.
You are cold-blooded and may be slowed by cold attacks.


Message History

g - Guard the area. f - Follow me.
Anything else - Cancel.
Gang up on whom?
Press: ? - help, Dir - move target cursor, f - orc priest, p - orc
Aim: an orc priest, wearing a leather armour Attack!
The orc hits you with a flail of protection!
Your shadow imp completely misses the orc.
You hit the orc.
The orc is almost dead.
The orc hits you but does no damage. The orc barely misses your crimson imp.
The orc hits your shadow imp with an enchanted hand axe.
The orc hits you but does no damage.
The orc priest calls upon Beogh to heal the orc.
The orc's wounds heal themselves!
Your shadow imp hits the orc.
The orc dies!
The orc closely misses you.
The orc priest calls down the wrath of Beogh upon you.
Beogh smites you!
You die...

#.##...## #.#.....#### #
#.#........# .#
######.#.....##.## .#
#......#....##...##.###.#
####.######....#...........#
..)).........#....>.o.......
####.#########.###o#.#.####
#)###.....##.@)).5#.#
#.##.......#(.5o....#
#)#....<....###.#####
#.#.8.....8.# #.#
#)..........###.#
#.....8.8.......#
#.#.........#####
#.#.8.....8.# #.#....<....#


You could see an orc priest, 2 orcs, a friendly crimson imp and a friendly
shadow imp.

Vanquished Creatures
  A gnoll (D:3)
  A dart slug (D:1)
  2 leopard geckos (D:2)
  An orc (D:3)
  6 bats
  4 giant cockroaches
  8 goblins
  10 hobgoblins
  8 jackals
  3 quokkas
  2 frilled lizards
  5 kobolds
  7 rats
58 creatures vanquished.

Vanquished Creatures (collateral kills)
  An orc wizard (D:3)
  Terence (D:2)
  2 adders (D:2)
  3 gnolls (D:3)
  A worm (D:3)
  3 orcs (D:3)
  A kobold (D:3)
12 creatures vanquished.

Grand Total: 70 creatures vanquished

Notes
Turn   | Place    | Note
-------+----------+-------------------------------------------
     0 | D:1      | mike2R the Draconian Wizard began the quest for the Orb.
     0 | D:1      | Reached XP level 1. HP: 14/14 MP: 4/4
   380 | D:1      | Reached XP level 2. HP: 18/20 MP: 0/6
   460 | D:1      | Learned a level 2 spell: Blink
   463 | D:1      | Learned a level 2 spell: Call Imp
   466 | D:1      | Learned a level 2 spell: Slow
  1294 | D:2      | Reached XP level 3. HP: 26/26 MP: 4/8
  1442 | D:2      | Noticed Terence
  1557 | D:2      | Killed Terence
  1730 | D:2      | Reached skill level 1 in Hexes
  2127 | D:2      | Reached XP level 4. HP: 33/33 MP: 4/9
  2132 | D:2      | Learned a level 3 spell: Conjure Flame
  2231 | D:2      | Found a stormy altar of Qazlal.
  3373 | D:3      | Reached skill level 4 in Spellcasting
  3494 | D:3      | Reached XP level 5. HP: 38/38 MP: 2/11
  3721 | D:3      | Killed from afar by an orc priest

Skill      XL: |  1  2  3  4 |
---------------+-------------+-----
Hexes          | 1 |  1.3
Spellcasting   | 4 |  4.2
Conjurations   | 2 |  2.5
Dodging        | |  1.7
Stealth        | |  1.7
Summonings     | |  1.8
Translocations | |  1.4

Action                   |  1- 3 |  4- 6 || total
-------------------------+-------+-------++-------
Melee: Whip              |    23 |    25 ||    48
       Tailslap          |     4 |     4 ||     8
       Short sword       |    40 |    32 ||    72
 Cast: Magic Dart        |    72 |    36 ||   108
       Call Imp          |    10 |     8 ||    18
       Blink             |     4 |     2 ||     6
       Conjure Flame     |       |     3 ||     3
  Use: Scroll            |       |     5 ||     5
 Stab: Sleeping          |     1 |       ||     1
  Eat: Chunk             |     4 |     5 ||     9
Armor: Skin              |    21 |    22 ||    43
Dodge: Dodged            |    54 |    38 ||    92
